 Dungeon Crawl Stone Soup version 0.21-a0-278-ga722497 (webtiles) character file.

18 tilp the Firebug (level 2, 0/20 HPs)
             Began as a Hill Orc Fire Elementalist on Sept 20, 2017.
             Slain by a giant cockroach (2 damage)
             ... on level 1 of the Dungeon.
             The game lasted 00:01:38 (627 turns).

tilp the Firebug (Hill Orc Fire Elementalist)        Turns: 627, Time: 00:01:39

Health: 0/20       AC:  2    Str: 10    XL:     2   Next: 70%
Magic:  0/4        EV: 12    Int: 15    God:
Gold:   8          SH:  0    Dex: 11    Spells: 1/4 levels left

rFire    . . .     SeeInvis .   a - +0 dagger
rCold    . . .     Gourm    .   (no shield)
rNeg     . . .     Faith    .   e - +0 robe
rPois    .         Spirit   .   (no helmet)
rElec    .         Reflect  .   (no cloak)
rCorr    .         Harm     .   (no gloves)
MR       .....                  (no boots)
Stlth    ++........             (no amulet)
HPRegen  0.06/turn              (no ring)
MPRegen  0.09/turn              (no ring)

@: very slightly contaminated
A: no striking features
a: no special abilities


You were on level 1 of the Dungeon.
You were not hungry.

You visited 1 branch of the dungeon, and saw 1 of its levels.

You collected 8 gold pieces.

Inventory:

Hand Weapons
 a - a +0 dagger (weapon)
 b - a +0 hunting sling
Missiles
 k - 15 stones (quivered)
Armour
 e - a +0 robe (worn)
 i - a cursed +0 ring mail
Jewellery
 g - an uncursed amulet of rage {unknown}
Scrolls
 f - a scroll of identify {unknown}
 h - a scroll of teleportation {unknown}
 n - a scroll of magic mapping {unknown}
 o - a scroll of fear {unknown}
Potions
 j - a potion of agility {unknown}
 m - a potion of haste {unknown}
Books
 l - a book of Flames

   Spells                             Type                      Level
   a - Flame Tongue                   Conjuration/Fire             1
   b - Throw Flame                    Conjuration/Fire             2
   c - Conjure Flame                  Conjuration/Fire             3
   d - Inner Flame                    Hexes/Fire                   3
   e - Sticky Flame                   Conjuration/Fire             4
   f - Fireball                       Conjuration/Fire             5
Comestibles
 c - a bread ration
 d - a chunk of flesh


   Skills:
 - Level 1.5 Dodging
 - Level 1.5 Stealth
 + Level 1.8 Spellcasting
 * Level 1.9 Conjurations
 + Level 3.6 Fire Magic


You had one spell level left.
You knew the following spells:

 Your Spells              Type           Power        Failure   Level  Hunger
a - Flame Tongue          Conj/Fire      #....        8%          1    ##.....
b - Throw Flame           Conj/Fire      #.....       11%         2    ###....


Dungeon Overview and Level Annotations

Branches:
Dungeon (1/15)

Altars:


Message History

The giant cockroach barely misses you.
You hit the giant cockroach but do no damage.
The giant cockroach is heavily wounded.
The giant cockroach barely misses you.
You completely miss the giant cockroach.
The giant cockroach is heavily wounded.
The giant cockroach bites you.
* * * LOW HITPOINT WARNING * * *
The giant cockroach barely misses you.
You closely miss the giant cockroach.
The giant cockroach is heavily wounded.
The giant cockroach bites you but does no damage.
You hit the giant cockroach.
The giant cockroach is severely wounded.
The giant cockroach bites you.
* * * LOW HITPOINT WARNING * * *
You barely miss the giant cockroach.
The giant cockroach is severely wounded.
The giant cockroach bites you.
You die...

...#
#.############ #
#..#
###.###..###?#
.......).....#
$........##### #
########.# #
#.##############
#
#s#............#
#
#@!...########.#
# ###...# #.###
##### #....
#####


You could see a giant cockroach.

Vanquished Creatures
  An ooze (D:1)
  A dart slug (D:1)
  5 goblins (D:1)
  2 hobgoblins (D:1)
  A bat (D:1)
  A frilled lizard (D:1)
  A rat (D:1)
12 creatures vanquished.

Notes
Turn   | Place    | Note
-------+----------+-------------------------------------------
     0 | D:1      | tilp the Hill Orc Fire Elementalist began the quest for the Orb.
     0 | D:1      | Reached XP level 1. HP: 14/14 MP: 3/3
   163 | D:1      | Reached XP level 2. HP: 19/20 MP: 0/4
   170 | D:1      | Learned a level 2 spell: Throw Flame
   627 | D:1      | Slain by a giant cockroach

Vault maps used:
D:1:      dpeg_arrival_houses_and_road, minmay_misc_feat_alley

Action                   || total
-------------------------++-------
Melee: Dagger            ||    38
       Club              ||     2
 Fire: Hunting sling     ||     5
 Cast: Flame Tongue      ||    16
Armor: Robe              ||     7
Dodge: Dodged            ||    26

Table legend:
 A = Spawn XP
 B = Non-spawn XP
 C = Spawn XP percentage of total XP
 D = Spawn monster count
 E = Non-spawn monster count
 F = Spawn count percentage of total count
 G = Total turns spent on level
                    A         B        C        D         E        F      G
               +---------+---------+-------+---------+---------+-------+---------
         Total |       0 |      27 |   0.0 |       0 |      12 |   0.0 |   627
               +---------+---------+-------+---------+---------+-------+---------
           D:1 |       0 |      27 |   0.0 |       0 |      12 |   0.0 |   627
               +---------+---------+-------+---------+---------+-------+---------
